AoeStats
← iDs

Hideout

507640048Analyzed
1v1 RM · 12d ago on Sep 19, 2026· 23m 33s· 2 players
Game mode
Random Map
Map size
Tiny (2 player)
Population
200
Speed
Normal
Resources
Standard
Victory
Conquest
Starting age
Dark Age
Ending age
Imperial Age
RankedLock teamsTeams togetherTeam positionsShared explorationLock speedFull tech treeHidden civsTurbo modeCheats
Victory
Defeat
🇺🇸 Koreans · United States
801
+15
🇦🇷 Cumans · Argentina
779
-15
iDs
8:22 Loom
11:04 Feudal Age
13:26 Double-Bit Axe
14:07 Gold Mining
the.emptydeere
10:56 Feudal Age
13:34 Forging
15:26 Loom
15:41 Loom
18:21 Man-at-Arms
19:19 Arson
19:54 Horse Collar
20:02 Double-Bit Axe
23:08 Fletching
23:19 Scale Mail Armor
Connection lost

Rejoining the realm…

Still unreachable

The connection could not be restored.

Session expired

The server has moved on; the page needs a fresh start.